Montreal Canadiens vs Hartford Whalers
Created - Wednesday, March 22, 2023 at 07:37
Goals
|
| Montreal Canadiens |
2 |
1 |
1 |
4 |
| Hartford Whalers |
0 |
2 |
1 |
3 |
|
Shots
|
| Montreal Canadiens |
20 |
13 |
14 |
47 |
| Hartford Whalers |
5 |
12 |
13 |
30 |
|
1st period
1. Montreal Canadiens , Miles Wood 4 (Martin Necas 3, Brady Skjei 4) at 9:18
2. Montreal Canadiens , Filip Forsberg 4 (Brady Skjei 5, Tyson Jost 3) at 17:30
Penalties :
Anthony Mantha (HFD) for Delaying the game (Minor) at 3:48, Marcus Foligno (HFD) for Holding (Minor) at 9:47
2nd period
3. Hartford Whalers , Marcus Foligno 3 (Joshua Norris 3, Taylor Hall 3) at 5:47 (PP)
4. Montreal Canadiens , Sidney Crosby 3 (Filip Forsberg 7, Christian Fischer 2) at 16:41 (PP)
5. Hartford Whalers , Joshua Norris 2 (Marcus Foligno 2, Taylor Hall 4) at 18:49
Penalties :
Miles Wood (MTL) for Tripping (Minor) at 2:42, Sidney Crosby (MTL) for Hooking (Minor) at 5:38, Miles Wood (MTL) for Hooking (Minor) at 9:09, Jake Evans (MTL) for Hooking (Minor) at 10:09, Torey Krug (HFD) for High sticking (Minor) at 15:48
3rd period
6. Montreal Canadiens , Matty Beniers 1 (Colton Sceviour 1, Rasmus Asplund 1) at 6:31
7. Hartford Whalers , Kevin Labanc 2 (Joshua Norris 4, Alexis Lafreniere 2) at 17:23
Penalties :
Trevor van Riemsdyk (HFD) for Holding (Minor) at 2:10, Thomas Chabot (HFD) for Hooking (Minor) at 18:47
Goalie Stats
Jacob Markstrom (MTL), 27 saves from 30 shots - (0.900), W, 4-2-0, 60:00 minutes
Nico Daws (HFD), 43 saves from 47 shots - (0.915), L, 0-2-0, 60:00 minutes
Players Stats for Montreal Canadiens
Player Name G A P +/- PIM S H SB GA TA FO MP PP MP PK MP
------------------------------------------------------------------------------------
Adam Fox 0 0 0 -1 0 5 0 0 2 0 0/0 29:27 4:16 3:10
Alexandre Carrier 0 0 0 0 0 1 1 0 0 0 0/0 9:16 0:00 0:00
Brady Skjei 0 2 2 2 0 1 1 0 0 1 0/0 21:17 3:46 1:57
Christian Fischer 0 1 1 1 0 1 0 0 1 0 0/1 16:54 3:44 0:00
Colton Sceviour 0 1 1 1 0 2 1 0 0 0 1/2 7:38 0:00 0:00
Filip Forsberg 1 1 2 0 0 9 1 1 1 0 1/1 21:37 3:28 2:48
Filip Hronek 0 0 0 2 0 1 0 0 0 0 0/0 21:17 3:46 1:57
Jake Evans 0 0 0 -1 2 2 0 0 0 1 0/3 21:29 4:08 0:50
Laurent Dauphin 0 0 0 0 0 2 0 0 1 0 0/1 9:31 0:00 0:00
Marco Scandella 0 0 0 0 0 0 1 0 0 0 0/0 9:16 0:00 0:00
Martin Necas 0 1 1 1 0 2 1 0 0 0 7/16 18:00 3:44 1:06
Matty Beniers 1 0 1 1 0 3 0 0 0 0 0/2 8:07 0:16 0:00
Miles Wood 1 0 1 1 4 5 0 0 0 0 1/1 17:05 3:44 0:12
Rasmus Asplund 0 1 1 1 0 1 0 0 0 0 0/0 7:38 0:00 0:00
Sidney Crosby 1 0 1 -1 2 7 1 0 0 1 29/42 23:44 4:15 2:59
Tomas Nosek 0 0 0 0 0 0 0 0 2 0 0/1 10:37 0:00 1:05
Tyler Myers 0 0 0 -1 0 2 2 3 0 2 0/0 29:27 4:16 3:10
Tyson Jost 0 1 1 -1 0 3 1 0 0 0 2/8 11:30 0:47 0:14
Players Stats for Hartford Whalers
Player Name G A P +/- PIM S H SB GA TA FO MP PP MP PK MP
------------------------------------------------------------------------------------
Alec Martinez 0 0 0 -1 0 0 1 0 0 0 0/0 19:21 2:08 3:12
Alexander Wennberg 0 0 0 -2 0 1 3 0 0 0 7/11 19:43 2:16 2:28
Alexis Lafreniere 0 1 1 1 0 1 0 0 0 0 0/0 5:34 0:00 1:08
Anthony Mantha 0 0 0 -2 2 2 0 0 0 0 0/0 17:14 2:16 0:00
Casey Cizikas 0 0 0 -1 0 0 1 0 0 0 8/12 11:57 0:00 0:14
Eetu Luostarinen 0 0 0 -1 0 3 0 1 0 0 0/0 11:31 0:00 0:00
Haydn Fleury 0 0 0 0 0 2 0 2 0 1 0/0 10:55 0:00 0:47
Jaccob Slavin 0 0 0 0 0 2 2 3 0 2 0/0 30:31 2:59 4:50
Josh Anderson 0 0 0 -2 0 1 1 0 0 1 0/1 17:08 2:16 0:00
Joshua Norris 1 2 3 2 0 7 2 1 1 1 19/46 27:11 2:51 4:26
Kevin Labanc 1 0 1 1 0 1 0 0 0 0 0/0 4:26 0:00 0:00
Marcus Foligno 1 1 2 1 2 1 3 0 0 0 0/4 20:02 2:51 1:42
Michael Raffl 0 0 0 -1 0 0 0 0 0 0 2/2 13:57 0:00 1:50
Taylor Hall 0 2 2 1 0 4 1 0 4 1 1/2 22:30 2:51 4:16
Thomas Chabot 0 0 0 -1 2 4 1 2 0 0 0/0 27:11 2:59 4:23
Torey Krug 0 0 0 -1 2 0 1 0 0 1 0/0 19:00 2:08 2:52
Travis Dermott 0 0 0 1 0 0 0 1 0 0 0/0 2:52 0:00 0:00
Trevor van Riemsdyk 0 0 0 0 2 1 0 0 0 0 0/0 10:50 0:00 0:00
3 Stars
1 - Joshua Norris (HFD)
2 - Filip Forsberg (MTL)
3 - Brady Skjei (MTL)
Power Play
Montreal Canadiens - 1 on 5 Attempt(s) - 20.00%
Hartford Whalers - 1 on 4 Attempt(s) - 25.00%
Penalty Kill
Montreal Canadiens - 3 on 4 Attempt(s) - 75.00%
- Score 0 goal in Penalty Kill
Hartford Whalers - 4 on 5 Attempt(s) - 80.00%
- Score 0 goal in Penalty Kill
Team Stat
Montreal Canadiens - Hits : 10 - Faceoff Wins : 41 - Blocked Shots : 4 - Penalty Minutes : 8
Hartford Whalers - Hits : 16 - Faceoff Wins : 37 - Blocked Shots : 10 - Penalty Minutes : 10
Official
Referees : Gord Dwyer and Kyle Rehman
Linesman : Mike Cvik and Vaughan Rody
Game Notes
Filip Forsberg is injured at 16:11 of 3rd period (Sore Right Knee)
Finance
Level 1 -- Attendance: 5018 (50.18%) -- Ticket Income $501,800
Level 2 -- Attendance: 4063 (81.26%) -- Ticket Income $243,780
Level 3 -- Attendance: 3000 (100.00%) -- Ticket Income $105,000
Level 4 -- Attendance: 3932 (78.64%) -- Ticket Income $98,300
Luxury Box -- Attendance: 817 (81.70%) -- Ticket Income $163,400
Game was played at the Hartford Civic Center.
Total Attendance: 16830 (70.13%)
Total Ticket Income: $1,112,280
Other Income: $389,298
Total Income: $1,501,578
Montreal Canadiens
5 vs 5 Forward
Center Left Wing Right Wing Time % Phy DF OF
1 Sidney Crosby Filip Forsberg Jake Evans 40 1 2 2
2 Martin Necas Miles Wood Christian Fischer 30 1 2 2
3 Tyson Jost Tomas Nosek Laurent Dauphin 20 1 2 2
4 Matty Beniers Rasmus Asplund Colton Sceviour 10 1 2 2
5 vs 5 Defense
Defense Defense Time % Phy DF OF
1 Tyler Myers Adam Fox 40 1 2 2
2 Brady Skjei Filip Hronek 30 1 2 2
3 Marco Scandella Alexandre Carrier 20 1 2 2
4 Tyler Myers Adam Fox 10 1 2 2
PowerPlay Forward
Center Left Wing Right Wing Time % Phy DF OF
1 Sidney Crosby Filip Forsberg Jake Evans 60 1 2 2
2 Martin Necas Miles Wood Christian Fischer 40 1 2 2
PowerPlay Defense
Defense Defense Time % Phy DF OF
1 Tyler Myers Adam Fox 60 1 2 2
2 Brady Skjei Filip Hronek 40 1 2 2
Penalty Kill 4 Players Forward
Center Wing Time % Phy DF OF
1 Sidney Crosby Filip Forsberg 60 1 2 2
2 Martin Necas Jake Evans 40 1 2 2
Penalty Kill 4 Players Defense
Defense Defense Time % Phy DF OF
1 Tyler Myers Adam Fox 60 1 2 2
2 Brady Skjei Filip Hronek 40 1 2 2
Penalty Kill - 3 Players Forward
Forward Time % Phy DF OF
1 Sidney Crosby 60 1 2 2
2 Filip Forsberg 40 1 2 2
Penalty Kill - 3 Players Defense
Defense Defense Time % Phy DF OF
1 Tyler Myers Adam Fox 60 1 2 2
2 Brady Skjei Filip Hronek 40 1 2 2
4 vs 4 Forward
Center Wing Time % Phy DF OF
1 Sidney Crosby Filip Forsberg 60 1 2 2
2 Martin Necas Jake Evans 40 1 2 2
4 vs 4 Defense
Defense Defense Time % Phy DF OF
1 Tyler Myers Adam Fox 60 1 2 2
2 Brady Skjei Filip Hronek 40 1 2 2
Last Minutes Offensive
Center Left Wing Right Wing Defense Defense
Sidney Crosby Filip Forsberg Jake Evans Tyler Myers Adam Fox
Last Minutes Defensive
Center Left Wing Right Wing Defense Defense
Sidney Crosby Filip Forsberg Jake Evans Tyler Myers Adam Fox
Goaltenders
Starting : Jacob Markstrom
Backup : Michael Dipietro
Extra Forwards
Normal : Tyson Jost, Matty Beniers, Tomas Nosek - PP : Tyson Jost, Matty Beniers - PK : Tomas Nosek
Extra Defensemen
Normal : Marco Scandella, Alexandre Carrier, Brady Skjei - PP : Marco Scandella - PK : Alexandre Carrier, Brady Skjei
Penalty Shots
Sidney Crosby, Filip Forsberg, Jake Evans, Martin Necas, Miles Wood
Hartford Whalers
5 vs 5 Forward
Center Left Wing Right Wing Time % Phy DF OF
1 Joshua Norris Taylor Hall Marcus Foligno 40 1 2 2
2 Alexander Wennberg Josh Anderson Anthony Mantha 30 1 2 2
3 Casey Cizikas Eetu Luostarinen Michael Raffl 20 1 2 2
4 Joshua Norris Alexis Lafreniere Kevin Labanc 10 1 2 2
5 vs 5 Defense
Defense Defense Time % Phy DF OF
1 Jaccob Slavin Thomas Chabot 40 1 2 2
2 Torey Krug Alec Martinez 30 1 2 2
3 Trevor van Riemsdyk Haydn Fleury 20 1 2 2
4 Travis Dermott Jaccob Slavin 10 1 2 2
PowerPlay Forward
Center Left Wing Right Wing Time % Phy DF OF
1 Joshua Norris Taylor Hall Marcus Foligno 60 1 2 2
2 Alexander Wennberg Josh Anderson Anthony Mantha 40 1 2 2
PowerPlay Defense
Defense Defense Time % Phy DF OF
1 Jaccob Slavin Thomas Chabot 60 1 2 2
2 Torey Krug Alec Martinez 40 1 2 2
Penalty Kill 4 Players Forward
Center Wing Time % Phy DF OF
1 Joshua Norris Taylor Hall 60 1 2 2
2 Marcus Foligno Alexander Wennberg 40 1 2 2
Penalty Kill 4 Players Defense
Defense Defense Time % Phy DF OF
1 Jaccob Slavin Thomas Chabot 60 1 2 2
2 Torey Krug Alec Martinez 40 1 2 2
Penalty Kill - 3 Players Forward
Forward Time % Phy DF OF
1 Joshua Norris 60 1 2 2
2 Taylor Hall 40 1 2 2
Penalty Kill - 3 Players Defense
Defense Defense Time % Phy DF OF
1 Jaccob Slavin Thomas Chabot 60 1 2 2
2 Torey Krug Alec Martinez 40 1 2 2
4 vs 4 Forward
Center Wing Time % Phy DF OF
1 Joshua Norris Taylor Hall 60 1 2 2
2 Marcus Foligno Alexander Wennberg 40 1 2 2
4 vs 4 Defense
Defense Defense Time % Phy DF OF
1 Jaccob Slavin Thomas Chabot 60 1 2 2
2 Torey Krug Alec Martinez 40 1 2 2
Last Minutes Offensive
Center Left Wing Right Wing Defense Defense
Joshua Norris Taylor Hall Marcus Foligno Jaccob Slavin Thomas Chabot
Last Minutes Defensive
Center Left Wing Right Wing Defense Defense
Joshua Norris Taylor Hall Marcus Foligno Jaccob Slavin Thomas Chabot
Goaltenders
Starting : Nico Daws
Backup : Logan Thompson
Extra Forwards
Normal : Casey Cizikas, Eetu Luostarinen, Michael Raffl - PP : Casey Cizikas, Eetu Luostarinen - PK : Michael Raffl
Extra Defensemen
Normal : Trevor van Riemsdyk, Haydn Fleury, Travis Dermott - PP : Trevor van Riemsdyk - PK : Haydn Fleury, Travis Dermott
Penalty Shots
Joshua Norris, Taylor Hall, Marcus Foligno, Alexander Wennberg, Josh Anderson
% Time on Ice - Montreal Canadiens
Lines # - Real PCT - Wanted PCT - Time Play
Normal Forward
1 - 35% - 40% - 16:29
2 - 28% - 30% - 13:10
3 - 20% - 20% - 9:31
4 - 16% - 10% - 7:38
Normal Defense
1 - 42% - 40% - 19:41
2 - 33% - 30% - 15:34
3 - 20% - 20% - 9:16
4 - 5% - 10% - 2:17
PP Forward
1 - 54% - 60% - 4:18
2 - 46% - 40% - 3:44
PP Defense
1 - 53% - 60% - 4:16
2 - 47% - 40% - 3:46
PK Forward
1 - 69% - 60% - 2:50
2 - 31% - 40% - 1:18
PK Defense
1 - 59% - 60% - 2:27
2 - 41% - 40% - 1:41
PK3 Forward
1 - 88% - 60% - 0:52
2 - 12% - 40% - 0:07
PK3 Defense
1 - 73% - 60% - 0:43
2 - 27% - 40% - 0:16
44 Forward
1 - 0% - 60%
2 - 0% - 40%
44 Defense
1 - 0% - 60%
2 - 0% - 40%
Last Minute Offensive - 0:00
Last Minute Defensive - 0:03
Total
Forward - 60:00
Defense - 60:00
|
% Time on Ice - Hartford Whalers
Lines # - Real PCT - Wanted PCT - Time Play
Normal Forward
1 - 34% - 40% - 16:06
2 - 32% - 30% - 14:59
3 - 24% - 20% - 11:20
4 - 9% - 10% - 4:26
Normal Defense
1 - 42% - 40% - 19:50
2 - 30% - 30% - 14:01
3 - 22% - 20% - 10:08
4 - 6% - 10% - 2:52
PP Forward
1 - 56% - 60% - 2:51
2 - 44% - 40% - 2:16
PP Defense
1 - 58% - 60% - 2:59
2 - 42% - 40% - 2:08
PK Forward
1 - 69% - 60% - 5:34
2 - 31% - 40% - 2:28
PK Defense
1 - 60% - 60% - 4:50
2 - 40% - 40% - 3:12
PK3 Forward
1 - 0% - 60%
2 - 0% - 40%
PK3 Defense
1 - 0% - 60%
2 - 0% - 40%
44 Forward
1 - 0% - 60%
2 - 0% - 40%
44 Defense
1 - 0% - 60%
2 - 0% - 40%
Last Minute Offensive - 0:00
Last Minute Defensive - 0:00
Total
Forward - 60:00
Defense - 60:00
|
Play-by-Play
1st period
0:01 of 1st period - Sidney Crosby wins face-off versus Joshua Norris in neutral zone.
0:06 of 1st period - Snap shot by Filip Forsberg.
0:06 of 1st period - Deflect By Sidney Crosby.
0:06 of 1st period - Shot Misses the Net.
0:06 of 1st period - Puck is out of play.
0:07 of 1st period - Sidney Crosby wins face-off versus Joshua Norris in Hartford Whalers zone.
0:14 of 1st period - Wrist shot by Filip Forsberg.
0:14 of 1st period - Stopped by Nico Daws without a rebound.
0:15 of 1st period - Martin Necas wins face-off versus Josh Anderson in Hartford Whalers zone.
0:18 of 1st period - Wrist shot by Miles Wood.
0:18 of 1st period - Stopped by Nico Daws without a rebound.
0:19 of 1st period - Alexander Wennberg wins face-off versus Martin Necas in Hartford Whalers zone.
0:42 of 1st period - Icing by Miles Wood.
0:43 of 1st period - Michael Raffl wins face-off versus Martin Necas in Montreal Canadiens zone.
2:08 of 1st period - Icing by Haydn Fleury.
2:09 of 1st period - Tyson Jost wins face-off versus Casey Cizikas in Hartford Whalers zone.
2:12 of 1st period - Slapshot by Filip Forsberg.
2:12 of 1st period - Stopped by Nico Daws with a rebound.
2:14 of 1st period - Wrist shot by Filip Forsberg.
2:14 of 1st period - Stopped by Nico Daws with a rebound.
2:16 of 1st period - Wrist shot by Filip Forsberg.
2:16 of 1st period - Stopped by Nico Daws with a rebound.
2:18 of 1st period - Slapshot by Tyler Myers.
2:18 of 1st period - Stopped by Nico Daws without a rebound.
2:19 of 1st period - Sidney Crosby wins face-off versus Joshua Norris in Hartford Whalers zone.
3:21 of 1st period - Snap shot by Sidney Crosby.
3:21 of 1st period - Shot Misses the Net.
3:23 of 1st period - Backhand shot by Adam Fox.
3:23 of 1st period - Shot Misses the Net.
3:25 of 1st period - Slapshot by Tyler Myers.
3:25 of 1st period - Stopped by Nico Daws without a rebound.
3:26 of 1st period - Alexander Wennberg wins face-off versus Tyson Jost in Hartford Whalers zone.
3:48 of 1st period - Minor Penalty to Anthony Mantha for Delaying the game.
3:49 of 1st period - Joshua Norris wins face-off versus Martin Necas in Hartford Whalers zone.
3:49 of 1st period - Joshua Norris is hit by Tyler Myers.
5:48 of 1st period - Penalty to Anthony Mantha is over, Anthony Mantha is back on ice.
6:20 of 1st period - Snap shot by Tyson Jost.
6:20 of 1st period - Shot Blocked by Haydn Fleury.
6:22 of 1st period - Slapshot by Tyson Jost.
6:22 of 1st period - Stopped by Nico Daws without a rebound.
6:23 of 1st period - Alexander Wennberg wins face-off versus Tyson Jost in Hartford Whalers zone.
6:32 of 1st period - Snap shot by Alexander Wennberg.
6:32 of 1st period - Shot Misses the Net.
7:46 of 1st period - Laurent Dauphin is hit by Casey Cizikas and loses puck.
8:31 of 1st period - Wrist shot by Miles Wood.
8:31 of 1st period - Stopped by Nico Daws without a rebound.
8:32 of 1st period - Martin Necas wins face-off versus Alexander Wennberg in Hartford Whalers zone.
8:37 of 1st period - Wrist shot by Miles Wood.
8:37 of 1st period - Shot Misses the Net.
9:18 of 1st period - Backhand shot by Miles Wood.
9:18 of 1st period - Goal by Miles Wood - Montreal Canadiens : 1 - Hartford Whalers : 0.
9:19 of 1st period - Sidney Crosby wins face-off versus Joshua Norris in neutral zone.
9:28 of 1st period - Wrist shot by Joshua Norris.
9:28 of 1st period - Stopped by Jacob Markstrom without a rebound.
9:29 of 1st period - Joshua Norris wins face-off versus Sidney Crosby in Montreal Canadiens zone.
9:36 of 1st period - Slapshot by Taylor Hall.
9:36 of 1st period - Stopped by Jacob Markstrom with a rebound.
9:47 of 1st period - Minor Penalty to Marcus Foligno for Holding.
9:48 of 1st period - Sidney Crosby wins face-off versus Joshua Norris in Hartford Whalers zone.
9:57 of 1st period - Slapshot by Filip Forsberg.
9:57 of 1st period - Shot Hit the Post.
9:59 of 1st period - Snap shot by Filip Forsberg.
9:59 of 1st period - Stopped by Nico Daws with a rebound.
10:01 of 1st period - Wrist shot by Adam Fox.
10:01 of 1st period - Shot Blocked by Jaccob Slavin.
10:03 of 1st period - Snap shot by Adam Fox.
10:03 of 1st period - Stopped by Nico Daws without a rebound.
10:04 of 1st period - Sidney Crosby wins face-off versus Joshua Norris in Hartford Whalers zone.
11:17 of 1st period - Sidney Crosby is hit by Alexander Wennberg and loses puck.
11:43 of 1st period - Icing by Tyler Myers.
11:44 of 1st period - Joshua Norris wins face-off versus Sidney Crosby in Montreal Canadiens zone.
11:47 of 1st period - Penalty to Marcus Foligno is over, Marcus Foligno is back on ice.
12:36 of 1st period - Filip Hronek is hit by Marcus Foligno and loses puck.
13:11 of 1st period - Snap shot by Eetu Luostarinen.
13:11 of 1st period - Stopped by Jacob Markstrom without a rebound.
13:12 of 1st period - Martin Necas wins face-off versus Casey Cizikas in Montreal Canadiens zone.
13:19 of 1st period - Snap shot by Martin Necas.
13:19 of 1st period - Shot Misses the Net.
13:51 of 1st period - Slapshot by Alexander Wennberg.
13:51 of 1st period - Stopped by Jacob Markstrom without a rebound.
13:52 of 1st period - Joshua Norris wins face-off versus Tyson Jost in Montreal Canadiens zone.
14:44 of 1st period - Wrist shot by Martin Necas.
14:44 of 1st period - Shot Misses the Net.
14:46 of 1st period - Slapshot by Adam Fox.
14:46 of 1st period - Stopped by Nico Daws without a rebound.
14:47 of 1st period - Joshua Norris wins face-off versus Sidney Crosby in Hartford Whalers zone.
14:52 of 1st period - Jake Evans is hit by Marcus Foligno and loses puck.
15:38 of 1st period - Wrist shot by Martin Necas.
15:38 of 1st period - Stopped by Nico Daws with a rebound.
15:40 of 1st period - Slapshot by Tyler Myers.
15:40 of 1st period - Shot Blocked by Eetu Luostarinen.
15:42 of 1st period - Snap shot by Laurent Dauphin.
15:42 of 1st period - Stopped by Nico Daws with a rebound.
15:44 of 1st period - Slapshot by Tomas Nosek.
15:44 of 1st period - Shot Misses the Net.
15:46 of 1st period - Snap shot by Laurent Dauphin.
15:46 of 1st period - Deflect By Tyson Jost.
15:46 of 1st period - Stopped by Nico Daws with a rebound.
17:05 of 1st period - Marcus Foligno is hit by Tyson Jost and loses puck.
17:26 of 1st period - Wrist shot by Filip Forsberg.
17:26 of 1st period - Shot Blocked by Thomas Chabot.
17:28 of 1st period - Slapshot by Brady Skjei.
17:28 of 1st period - Shot Misses the Net.
17:30 of 1st period - Wrist shot by Filip Forsberg.
17:30 of 1st period - Goal by Filip Forsberg - Montreal Canadiens : 2 - Hartford Whalers : 0.
17:31 of 1st period - Joshua Norris wins face-off versus Sidney Crosby in neutral zone.
17:40 of 1st period - Wrist shot by Taylor Hall.
17:40 of 1st period - Shot Misses the Net.
17:48 of 1st period - Wrist shot by Filip Forsberg.
17:48 of 1st period - Stopped by Nico Daws with a rebound.
17:58 of 1st period - Tyler Myers is hit by Alexander Wennberg and loses puck.
18:09 of 1st period - Slapshot by Anthony Mantha.
18:09 of 1st period - Stopped by Jacob Markstrom without a rebound.
18:10 of 1st period - Joshua Norris wins face-off versus Sidney Crosby in Montreal Canadiens zone.
18:37 of 1st period - Marcus Foligno is hit by Alexandre Carrier and loses puck.
18:46 of 1st period - Snap shot by Tyson Jost.
18:46 of 1st period - Stopped by Nico Daws with a rebound.
19:22 of 1st period - Icing by Casey Cizikas.
19:23 of 1st period - Casey Cizikas wins face-off versus Matty Beniers in Hartford Whalers zone.
19:54 of 1st period - Wrist shot by Miles Wood.
19:54 of 1st period - Stopped by Nico Daws with a rebound.
Goals for this period are 2 for Montreal Canadiens vs 0 for Hartford Whalers.
Shots for this period are 20 for Montreal Canadiens vs 5 for Hartford Whalers.
2nd period
0:01 of 2nd period - Joshua Norris wins face-off versus Sidney Crosby in neutral zone.
0:16 of 2nd period - Snap shot by Sidney Crosby.
0:16 of 2nd period - Shot Blocked by Jaccob Slavin.
0:33 of 2nd period - Slapshot by Miles Wood.
0:33 of 2nd period - Stopped by Nico Daws with a rebound.
0:35 of 2nd period - Slapshot by Martin Necas.
0:35 of 2nd period - Shot Misses the Net.
0:53 of 2nd period - Slapshot by Thomas Chabot.
0:53 of 2nd period - Stopped by Jacob Markstrom without a rebound.
0:54 of 2nd period - Sidney Crosby wins face-off versus Marcus Foligno in Montreal Canadiens zone.
1:16 of 2nd period - Icing by Brady Skjei.
1:17 of 2nd period - Alexander Wennberg wins face-off versus Martin Necas in Montreal Canadiens zone.
1:18 of 2nd period - Snap shot by Anthony Mantha.
1:18 of 2nd period - Shot Misses the Net.
1:30 of 2nd period - Wrist shot by Anthony Mantha.
1:30 of 2nd period - Shot Misses the Net.
1:42 of 2nd period - Slapshot by Adam Fox.
1:42 of 2nd period - Shot Misses the Net.
2:28 of 2nd period - Wrist shot by Michael Raffl.
2:28 of 2nd period - Shot Misses the Net.
2:30 of 2nd period - Slapshot by Jaccob Slavin.
2:30 of 2nd period - Stopped by Jacob Markstrom without a rebound.
2:31 of 2nd period - Miles Wood wins face-off versus Joshua Norris in Montreal Canadiens zone.
2:31 of 2nd period - Miles Wood is hit by Marcus Foligno.
2:42 of 2nd period - Minor Penalty to Miles Wood for Tripping.
2:43 of 2nd period - Sidney Crosby wins face-off versus Joshua Norris in Montreal Canadiens zone.
3:48 of 2nd period - Filip Hronek is hit by Taylor Hall and loses puck.
4:42 of 2nd period - Penalty to Miles Wood is over, Miles Wood is back on ice.
4:49 of 2nd period - Snap shot by Matty Beniers.
4:49 of 2nd period - Stopped by Nico Daws without a rebound.
4:50 of 2nd period - Casey Cizikas wins face-off versus Colton Sceviour in Hartford Whalers zone.
4:57 of 2nd period - Snap shot by Rasmus Asplund.
4:57 of 2nd period - Shot Misses the Net.
4:59 of 2nd period - Slapshot by Alexandre Carrier.
4:59 of 2nd period - Stopped by Nico Daws with a rebound.
5:01 of 2nd period - Snap shot by Rasmus Asplund.
5:01 of 2nd period - Deflect By Matty Beniers.
5:01 of 2nd period - Shot Misses the Net.
5:01 of 2nd period - Puck is out of play.
5:02 of 2nd period - Sidney Crosby wins face-off versus Casey Cizikas in Hartford Whalers zone.
5:15 of 2nd period - Off-side.
5:16 of 2nd period - Joshua Norris wins face-off versus Sidney Crosby in neutral zone.
5:21 of 2nd period - Slapshot by Thomas Chabot.
5:21 of 2nd period - Stopped by Jacob Markstrom without a rebound.
5:22 of 2nd period - Sidney Crosby wins face-off versus Marcus Foligno in Montreal Canadiens zone.
5:38 of 2nd period - Minor Penalty to Sidney Crosby for Hooking.
5:39 of 2nd period - Joshua Norris wins face-off versus Tomas Nosek in Montreal Canadiens zone.
5:45 of 2nd period - Snap shot by Joshua Norris.
5:45 of 2nd period - Shot Misses the Net.
5:47 of 2nd period - Wrist shot by Marcus Foligno.
5:47 of 2nd period - Goal by Marcus Foligno - Montreal Canadiens : 2 - Hartford Whalers : 1.
5:48 of 2nd period - Sidney Crosby wins face-off versus Joshua Norris in neutral zone.
5:56 of 2nd period - Icing by Taylor Hall.
5:57 of 2nd period - Joshua Norris wins face-off versus Jake Evans in Hartford Whalers zone.
6:02 of 2nd period - Slapshot by Thomas Chabot.
6:02 of 2nd period - Shot Blocked by Filip Forsberg.
6:04 of 2nd period - Slapshot by Joshua Norris.
6:04 of 2nd period - Stopped by Jacob Markstrom without a rebound.
6:05 of 2nd period - Sidney Crosby wins face-off versus Joshua Norris in Montreal Canadiens zone.
6:31 of 2nd period - Miles Wood is hit by Thomas Chabot and loses puck.
6:47 of 2nd period - Icing by Josh Anderson.
6:48 of 2nd period - Alexander Wennberg wins face-off versus Tyson Jost in Hartford Whalers zone.
7:23 of 2nd period - Slapshot by Sidney Crosby.
7:23 of 2nd period - Stopped by Nico Daws without a rebound.
7:24 of 2nd period - Taylor Hall wins face-off versus Jake Evans in Hartford Whalers zone.
8:09 of 2nd period - Jaccob Slavin is hit by Marco Scandella and loses puck.
8:16 of 2nd period - Slapshot by Alexander Wennberg.
8:16 of 2nd period - Shot Misses the Net.
8:58 of 2nd period - Snap shot by Eetu Luostarinen.
8:58 of 2nd period - Stopped by Jacob Markstrom without a rebound.
8:59 of 2nd period - Alexander Wennberg wins face-off versus Christian Fischer in Montreal Canadiens zone.
9:09 of 2nd period - Minor Penalty to Miles Wood for Hooking.
9:10 of 2nd period - Joshua Norris wins face-off versus Sidney Crosby in Montreal Canadiens zone.
9:40 of 2nd period - Snap shot by Josh Anderson.
9:40 of 2nd period - Stopped by Jacob Markstrom without a rebound.
9:41 of 2nd period - Sidney Crosby wins face-off versus Alexander Wennberg in Montreal Canadiens zone.
10:06 of 2nd period - Wrist shot by Joshua Norris.
10:06 of 2nd period - Stopped by Jacob Markstrom without a rebound.
10:07 of 2nd period - Martin Necas wins face-off versus Marcus Foligno in Montreal Canadiens zone.
10:09 of 2nd period - Minor Penalty to Jake Evans for Hooking.
10:10 of 2nd period - Sidney Crosby wins face-off versus Joshua Norris in Montreal Canadiens zone.
11:09 of 2nd period - Penalty to Miles Wood is over, Miles Wood is back on ice.
11:20 of 2nd period - Slapshot by Josh Anderson.
11:20 of 2nd period - Deflect By Anthony Mantha.
11:20 of 2nd period - Shot Misses the Net.
11:20 of 2nd period - Puck is out of play.
11:21 of 2nd period - Filip Forsberg wins face-off versus Joshua Norris in Montreal Canadiens zone.
12:09 of 2nd period - Penalty to Jake Evans is over, Jake Evans is back on ice.
12:16 of 2nd period - Snap shot by Eetu Luostarinen.
12:16 of 2nd period - Stopped by Jacob Markstrom without a rebound.
12:17 of 2nd period - Casey Cizikas wins face-off versus Martin Necas in Montreal Canadiens zone.
12:20 of 2nd period - Slapshot by Casey Cizikas.
12:20 of 2nd period - Shot Misses the Net.
12:42 of 2nd period - Tyson Jost is hit by Joshua Norris.
13:06 of 2nd period - Jaccob Slavin is hit by Colton Sceviour and loses puck.
13:15 of 2nd period - Wrist shot by Rasmus Asplund.
13:15 of 2nd period - Stopped by Nico Daws without a rebound.
13:16 of 2nd period - Joshua Norris wins face-off versus Sidney Crosby in Hartford Whalers zone.
14:29 of 2nd period - Jake Evans is hit by Torey Krug and loses puck.
14:36 of 2nd period - Snap shot by Joshua Norris.
14:36 of 2nd period - Deflect By Alexis Lafreniere.
14:36 of 2nd period - Stopped by Jacob Markstrom without a rebound.
14:37 of 2nd period - Joshua Norris wins face-off versus Martin Necas in Montreal Canadiens zone.
14:40 of 2nd period - Snap shot by Taylor Hall.
14:40 of 2nd period - Shot Blocked by Tyler Myers.
14:47 of 2nd period - Slapshot by Christian Fischer.
14:47 of 2nd period - Shot Misses the Net.
14:49 of 2nd period - Slapshot by Miles Wood.
14:49 of 2nd period - Deflect By Christian Fischer.
14:49 of 2nd period - Stopped by Nico Daws without a rebound.
14:50 of 2nd period - Sidney Crosby wins face-off versus Joshua Norris in Hartford Whalers zone.
14:55 of 2nd period - Wrist shot by Filip Forsberg.
14:55 of 2nd period - Deflect By Taylor Hall.
14:55 of 2nd period - Stopped by Nico Daws with a rebound.
15:05 of 2nd period - Wrist shot by Joshua Norris.
15:05 of 2nd period - Stopped by Jacob Markstrom with a rebound.
15:48 of 2nd period - Minor Penalty to Torey Krug for High sticking.
15:49 of 2nd period - Sidney Crosby wins face-off versus Joshua Norris in Hartford Whalers zone.
16:21 of 2nd period - Icing by Martin Necas.
16:22 of 2nd period - Martin Necas wins face-off versus Joshua Norris in Montreal Canadiens zone.
16:39 of 2nd period - Wrist shot by Filip Forsberg.
16:39 of 2nd period - Shot Misses the Net.
16:41 of 2nd period - Snap shot by Sidney Crosby.
16:41 of 2nd period - Goal by Sidney Crosby - Montreal Canadiens : 3 - Hartford Whalers : 1.
16:42 of 2nd period - Sidney Crosby wins face-off versus Joshua Norris in neutral zone.
16:47 of 2nd period - Wrist shot by Sidney Crosby.
16:47 of 2nd period - Stopped by Nico Daws without a rebound.
16:48 of 2nd period - Sidney Crosby wins face-off versus Joshua Norris in Hartford Whalers zone.
16:53 of 2nd period - Snap shot by Sidney Crosby.
16:53 of 2nd period - Deflect By Filip Forsberg.
16:53 of 2nd period - Stopped by Nico Daws with a rebound.
16:55 of 2nd period - Slapshot by Tyler Myers.
16:55 of 2nd period - Deflect By Sidney Crosby.
16:55 of 2nd period - Shot Blocked by Jaccob Slavin.
16:55 of 2nd period - Puck is out of play.
16:56 of 2nd period - Sidney Crosby wins face-off versus Joshua Norris in Hartford Whalers zone.
17:11 of 2nd period - Snap shot by Taylor Hall.
17:11 of 2nd period - Shot Misses the Net.
18:12 of 2nd period - Wrist shot by Sidney Crosby.
18:12 of 2nd period - Shot Misses the Net.
18:14 of 2nd period - Wrist shot by Brady Skjei.
18:14 of 2nd period - Stopped by Nico Daws without a rebound.
18:15 of 2nd period - Martin Necas wins face-off versus Alexander Wennberg in Hartford Whalers zone.
18:49 of 2nd period - Backhand shot by Marcus Foligno.
18:49 of 2nd period - Deflect By Joshua Norris.
18:49 of 2nd period - Deflect By Filip Forsberg.
18:49 of 2nd period - Goal by Joshua Norris - Montreal Canadiens : 3 - Hartford Whalers : 2.
18:50 of 2nd period - Joshua Norris wins face-off versus Sidney Crosby in neutral zone.
18:57 of 2nd period - Snap shot by Filip Forsberg.
18:57 of 2nd period - Deflect By Sidney Crosby.
18:57 of 2nd period - Stopped by Nico Daws with a rebound.
18:59 of 2nd period - Slapshot by Adam Fox.
18:59 of 2nd period - Shot Blocked by Joshua Norris.
19:01 of 2nd period - Snap shot by Adam Fox.
19:01 of 2nd period - Stopped by Nico Daws with a rebound.
Goals for this period are 1 for Montreal Canadiens vs 2 for Hartford Whalers.
Shots for this period are 13 for Montreal Canadiens vs 12 for Hartford Whalers.
3rd period
0:01 of 3rd period - Sidney Crosby wins face-off versus Joshua Norris in neutral zone.
0:06 of 3rd period - Slapshot by Adam Fox.
0:06 of 3rd period - Shot Misses the Net.
0:08 of 3rd period - Snap shot by Filip Forsberg.
0:08 of 3rd period - Shot Misses the Net.
0:10 of 3rd period - Snap shot by Filip Forsberg.
0:10 of 3rd period - Shot Misses the Net.
0:12 of 3rd period - Wrist shot by Jake Evans.
0:12 of 3rd period - Stopped by Nico Daws without a rebound.
0:13 of 3rd period - Sidney Crosby wins face-off versus Joshua Norris in Hartford Whalers zone.
0:16 of 3rd period - Snap shot by Sidney Crosby.
0:16 of 3rd period - Shot Blocked by Thomas Chabot.
0:42 of 3rd period - Off-side.
0:43 of 3rd period - Joshua Norris wins face-off versus Martin Necas in neutral zone.
0:46 of 3rd period - Slapshot by Torey Krug.
0:46 of 3rd period - Shot Blocked by Tyler Myers.
0:48 of 3rd period - Slapshot by Torey Krug.
0:48 of 3rd period - Shot Blocked by Tyler Myers.
0:50 of 3rd period - Backhand shot by Joshua Norris.
0:50 of 3rd period - Deflect By Marcus Foligno.
0:50 of 3rd period - Shot Misses the Net.
0:50 of 3rd period - Puck is out of play.
0:51 of 3rd period - Sidney Crosby wins face-off versus Marcus Foligno in Montreal Canadiens zone.
0:58 of 3rd period - Torey Krug is hit by Sidney Crosby and loses puck.
2:10 of 3rd period - Minor Penalty to Trevor van Riemsdyk for Holding.
2:11 of 3rd period - Sidney Crosby wins face-off versus Joshua Norris in Hartford Whalers zone.
3:46 of 3rd period - Martin Necas is hit by Alexander Wennberg and loses puck.
4:06 of 3rd period - Michael Raffl is hit by Filip Forsberg and loses puck.
4:10 of 3rd period - Penalty to Trevor van Riemsdyk is over, Trevor van Riemsdyk is back on ice.
4:17 of 3rd period - Trevor van Riemsdyk is hit by Tyler Myers and loses puck.
4:34 of 3rd period - Snap shot by Jaccob Slavin.
4:34 of 3rd period - Shot Misses the Net.
4:36 of 3rd period - Wrist shot by Michael Raffl.
4:36 of 3rd period - Deflect By Joshua Norris.
4:36 of 3rd period - Stopped by Jacob Markstrom with a rebound.
4:38 of 3rd period - Slapshot by Trevor van Riemsdyk.
4:38 of 3rd period - Stopped by Jacob Markstrom with a rebound.
4:50 of 3rd period - Slapshot by Joshua Norris.
4:50 of 3rd period - Shot Misses the Net.
4:52 of 3rd period - Wrist shot by Thomas Chabot.
4:52 of 3rd period - Deflect By Tomas Nosek.
4:52 of 3rd period - Stopped by Jacob Markstrom without a rebound.
4:53 of 3rd period - Alexander Wennberg wins face-off versus Matty Beniers in Montreal Canadiens zone.
5:04 of 3rd period - Icing by Filip Hronek.
5:05 of 3rd period - Colton Sceviour wins face-off versus Alexander Wennberg in Montreal Canadiens zone.
5:22 of 3rd period - Josh Anderson is hit by Brady Skjei and loses puck.
5:41 of 3rd period - Wrist shot by Rasmus Asplund.
5:41 of 3rd period - Shot Misses the Net.
6:29 of 3rd period - Snap shot by Colton Sceviour.
6:29 of 3rd period - Shot Misses the Net.
6:31 of 3rd period - Wrist shot by Matty Beniers.
6:31 of 3rd period - Goal by Matty Beniers - Montreal Canadiens : 4 - Hartford Whalers : 2.
6:32 of 3rd period - Sidney Crosby wins face-off versus Joshua Norris in neutral zone.
6:37 of 3rd period - Snap shot by Sidney Crosby.
6:37 of 3rd period - Stopped by Nico Daws with a rebound.
6:59 of 3rd period - Jaccob Slavin is hit by Martin Necas and loses puck.
7:28 of 3rd period - Tyson Jost is hit by Jaccob Slavin and loses puck.
7:38 of 3rd period - Off-side.
7:39 of 3rd period - Casey Cizikas wins face-off versus Sidney Crosby in neutral zone.
8:21 of 3rd period - Snap shot by Josh Anderson.
8:21 of 3rd period - Shot Misses the Net.
8:23 of 3rd period - Wrist shot by Alexander Wennberg.
8:23 of 3rd period - Deflect By Tyler Myers.
8:23 of 3rd period - Shot Misses the Net.
8:23 of 3rd period - Puck is out of play.
8:24 of 3rd period - Casey Cizikas wins face-off versus Sidney Crosby in Montreal Canadiens zone.
8:27 of 3rd period - Snap shot by Eetu Luostarinen.
8:27 of 3rd period - Shot Misses the Net.
8:30 of 3rd period - Icing by Filip Hronek.
8:31 of 3rd period - Casey Cizikas wins face-off versus Jake Evans in Montreal Canadiens zone.
8:44 of 3rd period - Slapshot by Sidney Crosby.
8:44 of 3rd period - Deflect By Jake Evans.
8:44 of 3rd period - Shot Misses the Net.
8:44 of 3rd period - Puck is out of play.
8:45 of 3rd period - Sidney Crosby wins face-off versus Joshua Norris in Hartford Whalers zone.
8:58 of 3rd period - Sidney Crosby is hit by Joshua Norris and loses puck.
9:22 of 3rd period - Wrist shot by Martin Necas.
9:22 of 3rd period - Stopped by Nico Daws with a rebound.
9:24 of 3rd period - Wrist shot by Martin Necas.
9:24 of 3rd period - Shot Misses the Net.
10:00 of 3rd period - Slapshot by Filip Hronek.
10:00 of 3rd period - Shot Misses the Net.
10:02 of 3rd period - Snap shot by Colton Sceviour.
10:02 of 3rd period - Deflect By Alexander Wennberg.
10:02 of 3rd period - Stopped by Nico Daws with a rebound.
10:04 of 3rd period - Wrist shot by Matty Beniers.
10:04 of 3rd period - Shot Misses the Net.
10:34 of 3rd period - Snap shot by Matty Beniers.
10:34 of 3rd period - Deflect By Colton Sceviour.
10:34 of 3rd period - Stopped by Nico Daws with a rebound.
10:36 of 3rd period - Slapshot by Matty Beniers.
10:36 of 3rd period - Shot Misses the Net.
11:07 of 3rd period - Slapshot by Filip Hronek.
11:07 of 3rd period - Shot Blocked by Haydn Fleury.
11:09 of 3rd period - Slapshot by Colton Sceviour.
11:09 of 3rd period - Shot Misses the Net.
11:11 of 3rd period - Snap shot by Matty Beniers.
11:11 of 3rd period - Stopped by Nico Daws without a rebound.
11:12 of 3rd period - Sidney Crosby wins face-off versus Joshua Norris in Hartford Whalers zone.
11:19 of 3rd period - Wrist shot by Taylor Hall.
11:19 of 3rd period - Stopped by Jacob Markstrom without a rebound.
11:20 of 3rd period - Sidney Crosby wins face-off versus Joshua Norris in Montreal Canadiens zone.
11:29 of 3rd period - Slapshot by Taylor Hall.
11:29 of 3rd period - Shot Misses the Net.
11:31 of 3rd period - Snap shot by Taylor Hall.
11:31 of 3rd period - Stopped by Jacob Markstrom with a rebound.
11:33 of 3rd period - Slapshot by Thomas Chabot.
11:33 of 3rd period - Stopped by Jacob Markstrom with a rebound.
11:35 of 3rd period - Snap shot by Jaccob Slavin.
11:35 of 3rd period - Stopped by Jacob Markstrom without a rebound.
11:36 of 3rd period - Martin Necas wins face-off versus Joshua Norris in Montreal Canadiens zone.
13:48 of 3rd period - Slapshot by Filip Hronek.
13:48 of 3rd period - Deflect By Thomas Chabot.
13:48 of 3rd period - Stopped by Nico Daws without a rebound.
13:49 of 3rd period - Casey Cizikas wins face-off versus Martin Necas in Hartford Whalers zone.
14:24 of 3rd period - Slapshot by Josh Anderson.
14:24 of 3rd period - Shot Misses the Net.
14:34 of 3rd period - Wrist shot by Taylor Hall.
14:34 of 3rd period - Stopped by Jacob Markstrom with a rebound.
14:36 of 3rd period - Slapshot by Haydn Fleury.
14:36 of 3rd period - Stopped by Jacob Markstrom with a rebound.
14:38 of 3rd period - Slapshot by Haydn Fleury.
14:38 of 3rd period - Stopped by Jacob Markstrom without a rebound.
14:39 of 3rd period - Sidney Crosby wins face-off versus Taylor Hall in Montreal Canadiens zone.
15:00 of 3rd period - Wrist shot by Anthony Mantha.
15:00 of 3rd period - Stopped by Jacob Markstrom with a rebound.
15:06 of 3rd period - Laurent Dauphin is hit by Josh Anderson and loses puck.
16:10 of 3rd period - Filip Forsberg is hit by Jaccob Slavin and loses puck.
16:11 of 3rd period - Filip Forsberg from Montreal Canadiens is injured at 16:11 of 3rd period (Sore Right Knee).
16:12 of 3rd period - Joshua Norris wins face-off versus Laurent Dauphin in Montreal Canadiens zone.
16:13 of 3rd period - Slapshot by Thomas Chabot.
16:13 of 3rd period - Shot Misses the Net.
16:15 of 3rd period - Wrist shot by Alexis Lafreniere.
16:15 of 3rd period - Deflect By Joshua Norris.
16:15 of 3rd period - Stopped by Jacob Markstrom without a rebound.
16:16 of 3rd period - Tyson Jost wins face-off versus Joshua Norris in Montreal Canadiens zone.
16:29 of 3rd period - Wrist shot by Laurent Dauphin.
16:29 of 3rd period - Stopped by Nico Daws without a rebound.
16:30 of 3rd period - Sidney Crosby wins face-off versus Casey Cizikas in Hartford Whalers zone.
16:33 of 3rd period - Wrist shot by Sidney Crosby.
16:33 of 3rd period - Stopped by Nico Daws with a rebound.
16:35 of 3rd period - Wrist shot by Tyler Myers.
16:35 of 3rd period - Shot Blocked by Travis Dermott.
16:37 of 3rd period - Slapshot by Adam Fox.
16:37 of 3rd period - Stopped by Nico Daws with a rebound.
16:39 of 3rd period - Slapshot by Adam Fox.
16:39 of 3rd period - Deflect By Jake Evans.
16:39 of 3rd period - Stopped by Nico Daws with a rebound.
16:41 of 3rd period - Snap shot by Sidney Crosby.
16:41 of 3rd period - Stopped by Nico Daws with a rebound.
16:43 of 3rd period - Snap shot by Adam Fox.
16:43 of 3rd period - Shot Hit the Post.
16:45 of 3rd period - Wrist shot by Tyson Jost.
16:45 of 3rd period - Shot Misses the Net.
17:23 of 3rd period - Slapshot by Kevin Labanc.
17:23 of 3rd period - Goal by Kevin Labanc - Montreal Canadiens : 4 - Hartford Whalers : 3.
17:24 of 3rd period - Casey Cizikas wins face-off versus Tyson Jost in neutral zone.
17:49 of 3rd period - Tyler Myers is hit by Alec Martinez and loses puck.
17:55 of 3rd period - Off-side.
17:56 of 3rd period - Joshua Norris wins face-off versus Tyson Jost in neutral zone.
18:11 of 3rd period - Snap shot by Sidney Crosby.
18:11 of 3rd period - Shot Misses the Net.
18:47 of 3rd period - Minor Penalty to Thomas Chabot for Hooking.
18:48 of 3rd period - Joshua Norris wins face-off versus Sidney Crosby in Hartford Whalers zone.
19:23 of 3rd period - Snap shot by Adam Fox.
19:23 of 3rd period - Stopped by Nico Daws with a rebound.
19:50 of 3rd period - Off-side.
19:51 of 3rd period - Todd McLellan call a timeout for Hartford Whalers.
19:51 of 3rd period - Michael Raffl wins face-off versus Martin Necas in neutral zone.
Goals for this period are 1 for Montreal Canadiens vs 1 for Hartford Whalers.
Shots for this period are 14 for Montreal Canadiens vs 13 for Hartford Whalers.
Back to the Top